 Dungeon Crawl Stone Soup version 0.18.1-48-g4cf74bf (webtiles) character file.

2174 Charly the Covert (level 9, -2/57 HPs)
             Began as a Vampire Enchanter on Sept 1, 2016.
             Was a Follower of Dithmenos.
             Slain by a killer bee (3 damage)
             ... on level 9 of the Dungeon.
             The game lasted 00:43:07 (2058 turns).

Charly the Covert (Vampire Enchanter)               Turns: 2058, Time: 00:43:08

Health: -2/57      AC:  4    Str:  7    XL:     9   Next: 11%
Magic:  4/16       EV: 14    Int: 20    God:    Dithmenos [*.....]
Gold:   376        SH:  0    Dex: 21    Spells: 3 memorised, 10 levels left

rFire  x . .     SeeInvis +     a - +1 dagger
rCold  + . .     Gourm    .     w - +0 robe (curse)
rNeg   + . .     Faith    .     (no shield)
rPois  .         Spirit   .     C - +1 hat
rElec  .         Dismiss  .     g - +0 cloak
rCorr  .         Reflect  .     (no gloves)
SustAt .         Harm     .     (no boots)
MR     .....                    m - amulet of rage
Stlth  +++++++...               i - ring of ice
                                s - +6 ring of dexterity

@: lethally poisoned (-2 -> -8), wreathed by umbra, not resistant to hostile
enchantments, extremely stealthy
A: fangs 3, see invisible, unbreathing
a: Bat Form, Renounce Religion, Evoke Berserk Rage


You were on level 9 of the Dungeon.
You worshipped Dithmenos.
Dithmenos was aware of your devotion.
You were not thirsty.

You visited 2 branches of the dungeon, and saw 10 of its levels.
You also visited: Ossuary.

You collected 376 gold pieces.

Inventory:

Hand Weapons
 a - a +1 dagger (weapon)
Missiles
 c - a throwing net (quivered)
 d - 16 poisoned needles
Armour
 b - a +1 robe
 g - a +0 cloak (worn)
 w - a cursed +0 robe (worn)
 C - a +1 hat (worn)
Jewellery
 f - an uncursed amulet of guardian spirit
 i - a ring of ice (right hand)
 m - an amulet of rage (around neck)
 s - a +6 ring of dexterity (left hand)
Scrolls
 h - 2 scrolls of remove curse
 j - a scroll of recharging
 q - a scroll of magic mapping
 u - 2 scrolls of enchant armour {unknown}
 v - a scroll of fear {unknown}
 y - a scroll of teleportation {unknown}
 z - a scroll of noise {unknown}
 B - a scroll of torment {unknown}
Potions
 e - 3 potions of cure mutation
 k - 3 potions of flight
 l - a potion of agility {unknown}
 n - 4 potions of brilliance
 o - 2 potions of curing
 p - a potion of lignification {unknown}
 r - 3 potions of might
 t - 2 potions of berserk rage {unknown}
 x - a potion of degeneration {unknown}
 A - 2 potions of haste {unknown}


   Skills:
 + Level 1.7 Short Blades
 + Level 2.8 Dodging
 + Level 12.2 Stealth
 - Level 5.1 Spellcasting
 - Level 11.3 Hexes


You had 10 spell levels left.
You knew the following spells:

 Your Spells              Type           Power        Failure   Level  Hunger
c - Confuse               Hex            ######..     1%          3    ##.....
h - Ensorcelled Hibernat  Hex/Ice        #####.       1%          2    None
s - Dazzling Spray        Conj/Hex       ####..       4%          3    ##.....


Dungeon Overview and Level Annotations

Branches:
Dungeon (9/15)             Temple (1/1) D:5
   Lair: D:8-11         Orc: D:9-12

Altars:
Cheibriados
Dithmenos
Elyvilon
Fedhas
Gozag
Kikubaaqudgha
Okawaru
Pakellas
Qazlal
Sif Muna
Trog
Vehumet
Xom
Yredelemnul
Zin
The Shining One

Annotations:
D:2 Natasha
D:5 HEYYEYAAE's ghost, amateur DrIE


Innate Abilities, Weirdness & Mutations

You have razor-sharp teeth.
You have supernaturally acute eyesight.
You can survive without breathing.


Message History

The killer bee stings you!
* * * LOW HITPOINT WARNING * * *
You are more poisoned.
The killer bee poisons you! The killer bee stings you!
* * * LOW HITPOINT WARNING * * *
You feel sick. The killer bee stings you!
* * * LOW HITPOINT WARNING * * *
The killer bee closely misses you. The killer bee misses you.
Drink which item? (? for menu, Esc to quit)
You feel better. The killer bee stings you!
* * * LOW HITPOINT WARNING * * *
The killer bee barely misses you. The killer bee stings you.
* * * LOW HITPOINT WARNING * * *
The killer bee closely misses you. The giant frog closely misses you.
The killer bee stings you but does no damage.
The killer bee stings you.
* * * LOW HITPOINT WARNING * * *
You are lethally poisoned!
The killer bee poisons you! The killer bee stings you.
You die...

..############.###...##.###.#y.
.............................. ..
#..###########..#####..####.###..
##.# ##.# #..##.%...... #.^#
#.#####..##........ ##.#
######.#...y....F.yy.... ..
.......#..>..##.......# ##.
.......#Fy..####...y..# #.
.......@yy..# #......# ##
......##y...# #..†...# .....
#F...# ######## #### ######


You could see 2 giant frogs and 5 killer bees.

Vanquished Creatures
  The ghost of Inkary the Ruffian, a novice DrTm of Okawaru (D:7)
  Sigmund (D:4)
  An ice beast (D:5)
  2 sky beasts
  A black bear (D:7)
  A necrophage (D:9)
  2 ogres
  A giant frog (D:8)
  A big kobold (D:7)
  A wyvern skeleton (D:9)
  A scorpion (D:9)
  2 killer bees (D:8)
  A howler monkey (D:5)
  A crimson imp (D:7)
  2 hounds
  Crazy Yiuf (D:2)
  A centaur skeleton (D:6)
  A gnoll shaman (D:7)
  A jelly (D:5)
  2 orc wizards (D:6)
  Ijyb (D:2)
  2 iguanas
  3 worker ants (D:4)
  A hound skeleton (D:4)
  8 mummies (Ossuary)
  3 gnolls (D:8)
  2 adders
  A shadow imp (D:7)
  A dart slug (D:2)
  A giant gecko (D:4)
  6 orcs
  2 giant cockroaches
  2 gnoll zombies (Ossuary)
  A goblin (D:3)
  A hobgoblin (D:1)
  4 jackals (D:6)
  7 kobolds
  2 quokkas
  3 bats
  A giant newt (D:3)
  2 hobgoblin zombies (Ossuary)
  A jackal skeleton (D:7)
  3 kobold zombies (Ossuary)
  An orc zombie (Ossuary)
  3 rats
87 creatures vanquished.

Notes
Turn   | Place    | Note
--------------------------------------------------------------
     0 | D:1      | Charly the Vampire Enchanter began the quest for the Orb.
     0 | D:1      | Reached XP level 1. HP: 13/13 MP: 3/3
    38 | D:2      | Found a stormy altar of Qazlal.
    83 | D:2      | Noticed Natasha
    87 | D:2      | Noticed a crimson imp
    89 | D:2      | Noticed a crimson imp
   118 | D:1      | Reached XP level 2. HP: 5/19 MP: 5/5
   123 | D:1      | Learned a level 2 spell: Ensorcelled Hibernation
   202 | D:2      | Noticed Crazy Yiuf
   206 | D:2      | Killed Crazy Yiuf
   206 | D:2      | Reached skill level 5 in Stealth
   206 | D:2      | Reached skill level 5 in Hexes
   206 | D:2      | Reached XP level 3. HP: 13/24 MP: 6/6
   220 | D:2      | Learned a level 3 spell: Confuse
   474 | D:2      | Noticed Ijyb
   498 | D:2      | Killed Ijyb
   498 | D:2      | Reached skill level 6 in Stealth
   498 | D:2      | Reached XP level 4. HP: 28/30 MP: 1/7
   560 | D:4      | Noticed Sigmund
   614 | D:5      | Entered Level 5 of the Dungeon
   655 | D:4      | Reached XP level 5. HP: 35/35 MP: 6/8
   671 | D:4      | Reached skill level 7 in Stealth
   676 | D:4      | Learned a level 3 spell: Dazzling Spray
   701 | D:4      | Noticed an ogre
   756 | D:4      | Killed Sigmund
   756 | D:4      | Reached skill level 8 in Stealth
   756 | D:4      | Reached XP level 6. HP: 41/41 MP: 2/9
   857 | D:6      | Noticed an ice beast
   862 | D:5      | Killed an ice beast
   862 | D:5      | Reached skill level 9 in Stealth
   862 | D:5      | Reached XP level 7. HP: 46/46 MP: 6/10
   918 | D:5      | Noticed HEYYEYAAE's ghost (amateur DrIE)
   965 | D:5      | Found a staircase to the Ecumenical Temple.
   989 | Temple   | Entered the Ecumenical Temple
  1050 | Temple   | Became a worshipper of Dithmenos the Shadowed
  1138 | D:6      | #####
  1166 | D:7      | Noticed Inkary's ghost (novice DrTm)
  1167 | D:7      | Reached skill level 10 in Stealth
  1355 | D:6      | Reached XP level 8. HP: 37/52 MP: 2/13
  1391 | D:7      | Killed Inkary's ghost
  1391 | D:7      | Reached skill level 11 in Stealth
  1391 | D:7      | Reached skill level 10 in Hexes
  1431 | D:7      | Found a radiant altar of Vehumet.
  1442 | D:7      | Found a blossoming altar of Fedhas.
  1525 | D:7      | Reached * piety under Dithmenos
  1589 | D:7      | Found a basalt altar of Yredelemnul.
  1669 | D:8      | Noticed a queen bee
  1724 | D:8      | Found a sand-covered staircase.
  1730 | Ossuary  | Entered an ossuary
  1757 | Ossuary  | Reached skill level 5 in Spellcasting
  1951 | D:8      | Reached skill level 12 in Stealth
  1951 | D:8      | Reached XP level 9. HP: 30/57 MP: 3/16
  1968 | D:8      | Found an ancient bone altar of Kikubaaqudgha.
  2058 | D:9      | HP: 1/57 [killer bee (5)]
  2058 | D:9      | Slain by a killer bee

Skill      XL: |  1  2  3  4  5  6  7  8 |
---------------+-------------------------+-----
Stealth        | 5 6 8 9 10 12 | 12.2
Hexes          | 5 6 7 8 9 11 | 11.3
Spellcasting   | 3 5 |  5.1
Short Blades   | |  1.7
Dodging        | |  2.8

Action                   |  1- 3 |  4- 6 |  7- 9 || total
-------------------------+-------+-------+-------++-------
Melee: Dagger            |    50 |    36 |    94 ||   180
       Bite              |     4 |       |     6 ||    10
 Cast: Confuse           |     4 |     4 |    16 ||    24
       Ensorcelled Hiber |     2 |     3 |     1 ||     6
       Dazzling Spray    |       |     1 |    31 ||    32
 Abil: End Transformatio |       |     1 |     3 ||     4
       Bat Form          |       |     1 |     3 ||     4
  Use: Scroll            |       |     6 |     5 ||    11
       Potion            |       |       |     3 ||     3
 Stab: Sleeping          |     9 |     8 |    14 ||    31
       Confused          |     2 |     5 |     9 ||    16
       Invisible         |       |     2 |     6 ||     8
       Distracted        |       |       |     2 ||     2
  Eat: Corpse            |       |       |     3 ||     3
Armor: Robe              |     6 |     2 |    23 ||    31
Dodge: Dodged            |    31 |    15 |    94 ||   140
